 Dungeon Crawl Stone Soup version 0.17-a0-1617-gfba1302 (webtiles) character file.

5789 spinkules the Severer (level 10, -1/115 HPs)
             Began as a Minotaur Berserker on July 31, 2015.
             Was a High Priest of Trog.
             Slain by a hill giant
             ... wielding a +0 giant spiked club
              (11 damage)
             ... on level 11 of the Dungeon on Aug 1, 2015.
             The game lasted 00:25:28 (10766 turns).

spinkules the Severer (Minotaur Berserker)         Turns: 10766, Time: 00:25:28

Health: -1/115     AC: 13    Str: 28    XL:     10   Next: 50%
Magic:  9/9        EV:  8    Int:  5    God:    Trog [*****.]
Gold:   494        SH:  0    Dex: 11    Spells: 0 memorised, 9 levels left

rFire  . . .     SeeInvis +     a - +0 hand axe
rCold  + . .     Clarity  .     F - +0 plate armour
rNeg   . . .     SustAt   .     (no shield)
rPois  +         Gourm    .     (helmet restricted)
rElec  .         Spirit   .     M - +0 cloak {rPois}
rCorr  .         Warding  .     d - +0 pair of gloves
rMut   .         Stasis   .     (no boots)
MR     .....                    (no amulet)
Stlth  ..........               Q - ring of protection from cold
                                C - ring of see invisible

@: berserking, very quick, not resistant to hostile enchantments, extremely
unstealthy
A: retaliatory headbutt, horns 2
a: Burn Spellbooks, Berserk, Trog's Hand, Brothers in Arms, Renounce Religion


You were on level 11 of the Dungeon.
You worshipped Trog.
Trog was extremely pleased with you.
You were hungry.

You visited 1 branch of the dungeon, and saw 11 of its levels.

You collected 494 gold pieces.

Inventory:

Hand weapons
 a - a +0 hand axe (weapon)
Missiles
 E - 7 javelins (quivered)
Armour
 b - a +0 animal skin
 d - a +0 pair of gloves (worn)
 p - a +1 ring mail of magic resistance
 F - a +0 plate armour (worn)
 M - a +0 cloak of poison resistance (worn)
Jewellery
 f - an uncursed ring of wizardry
 i - an uncursed ring of positive energy
 q - an uncursed ring of wizardry
 C - a ring of see invisible (left hand)
 Q - a ring of protection from cold (right hand)
 S - an uncursed ring of sustain attributes {unknown}
Magical devices
 B - a wand of polymorph (4)
 J - a wand of polymorph (10)
 N - a wand of digging (22)
 R - a wand of teleportation (3)
Scrolls
 e - 5 scrolls of magic mapping {unknown}
 h - 4 scrolls of teleportation {unknown}
 k - a scroll of blinking {unknown}
 m - a scroll of remove curse {unknown}
 r - 7 scrolls of identify {unknown}
 s - a scroll of amnesia {unknown}
 x - a scroll of random uselessness {unknown}
 y - 2 scrolls of fog {unknown}
 z - a scroll of vulnerability {unknown}
 D - 4 scrolls of enchant weapon {unknown}
 H - 2 scrolls of fear {unknown}
 I - a scroll of summoning {unknown}
 O - a scroll of immolation {unknown}
Potions
 g - a potion of curing {unknown}
 j - 2 potions of flight {unknown}
 o - 3 potions of poison {unknown}
 t - 3 potions of haste {unknown}
 A - 2 potions of berserk rage {unknown}
 K - a potion of ambrosia {unknown}
 L - 2 potions of heal wounds {unknown}
Books
 v - an Akashic Record

   Spells                             Type                      Level
   a - Dispersal                      Translocation                6
   b - Controlled Blink               Translocation                7
   c - Malign Gateway                 Summoning/Translocation      7
   d - Disjunction                    Translocation                8
   Trog disapproves of the use of such an item.
 T - a Necronomicon

   Spells                             Type                      Level
   a - Haunt                          Necromancy/Summoning         7
   b - Borgnjor's Revivification      Necromancy                   8
   c - Death's Door                   Charms/Necromancy            8
   d - Necromutation                  Transmutation/Necromancy     8
   Trog disapproves of the use of such an item.
Miscellaneous
 n - a plain deck of defence {drawn: 1}
Comestibles
 c - 6 bread rations
 l - 2 fruits
 u - 2 meat rations
 w - 5 beef jerkies
 G - 7 slices of pizza
 P - 6 chunks of flesh


   Skills:
 - Level 3.6 Fighting
 + Level 17.4 Axes
 - Level 1.2 Throwing
 - Level 2.4 Armour
 - Level 2.1 Dodging
 - Level 1.2 Stealth
 - Level 0.1 Evocations


You had 9 spell levels left.
You didn't know any spells.

Dungeon Overview and Level Annotations

Branches:
Dungeon (11/15)            Temple (0/1) D:7
   Lair: D:8-11         Orc: D:9-12

Altars:
Nemelex Xobeh
Ru

Shops:
D:4 :   D:7 *%(   D:9 (


Innate Abilities, Weirdness & Mutations

You reflexively headbutt those who attack you in melee.
You have a pair of horns on your head.


Message History

You slash the hill giant! You headbutt the hill giant.
The hill giant is heavily wounded.
The hill giant hits you with a giant spiked club!!
* * * LOW HITPOINT WARNING * * *
You are too injured to fight recklessly!
You are too injured to fight recklessly!
You are too injured to fight recklessly!
You are too injured to fight recklessly!
You are too injured to fight recklessly!
Use which ability? (? or * to list)
A red film seems to cover your vision as you go berserk!
You feel yourself moving faster!
You feel mighty!
You are feeling hungry.
The troll moves out of view.
An orc wizard comes into view. It is wielding a dagger.
The orc wizard shouts!
You slash the hill giant! You headbutt the hill giant!
The hill giant is severely wounded.
The hill giant hits you with a giant spiked club!
You die...

#####.#######.......[.........
# #.................
#.......[....[....
#...........######
#...........#
#######..<........
........#########. #######.#
#@# #C# #K# #K# ..o #.T #..
##.o


You could see a hill giant, a troll, a big kobold, an orc priest, an orc wizard
and a kobold.

Vanquished Creatures
  A hill giant (D:6)
  Pikel (D:6)
  A troll (D:9)
  Prince Ribbit (D:8)
  2 deep elf magi
  A hog (D:7)
  A human (D:7)
  A wyvern (D:11)
  A hippogriff (D:9)
  3 orc warriors
  3 black bears
  A wasp (D:8)
  2 phantoms
  A necrophage (D:9)
  5 ogres
  A centaur (D:6)
  Blork the orc (D:5)
  A gnoll sergeant (D:9)
  6 giant frogs
  A wyvern zombie (D:10)
  4 scorpions
  5 killer bees
  4 crimson imps
  2 giant frog zombies
  An orc priest (D:7)
  A centaur zombie (D:8)
  A centaur skeleton (D:4)
  2 giant frog skeletons
  2 hounds
  5 orc wizards
  2 iguanas
  10 worker ants
  3 sheep (D:7)
  A hound skeleton (D:4)
  10 adders
  4 gnolls (D:3)
  3 shadow imps
  2 oozes
  An adder zombie (D:8)
  2 worms (D:3)
  5 giant geckos
  21 orcs
  7 hobgoblins
  8 jackals
  12 kobolds
  2 quokkas
  5 ball pythons
  6 bats
  4 giant cockroaches
  3 giant newts
  5 goblins
  A jackal skeleton (D:6)
  A quokka zombie (D:8)
  10 rats
190 creatures vanquished.

Vanquished Creatures (others)
  An adder (D:6)
1 creature vanquished.

Grand Total: 191 creatures vanquished

Notes
Turn   | Place    | Note
--------------------------------------------------------------
     0 | D:1      | spinkules the Minotaur Berserker began the quest for the Orb.
     0 | D:1      | Reached XP level 1. HP: 19/19 MP: 0/0
    54 | D:1      | Reached skill level 4 in Axes
   362 | D:1      | Reached XP level 2. HP: 24/26 MP: 1/1
   855 | D:1      | Acquired Trog's second power
   888 | D:1      | Reached skill level 5 in Axes
   888 | D:1      | Reached XP level 3. HP: 19/31 MP: 2/2
  1516 | D:2      | Found a faded altar to an unknown god.
  1881 | D:3      | Reached XP level 4. HP: 36/39 MP: 3/3
  1935 | D:3      | Found a sparkling altar of Nemelex Xobeh.
  2145 | D:3      | Reached skill level 6 in Axes
  2145 | D:3      | Reached skill level 1 in Stealth
  2657 | D:3      | Reached XP level 5. HP: 41/45 MP: 4/4
  2951 | D:4      | Found Rusuices's Book Shop.
  2997 | D:4      | Noticed an ogre
  3004 | D:4      | Killed an ogre
  3004 | D:4      | Reached skill level 7 in Axes
  3282 | D:4      | Reached XP level 6. HP: 36/51 MP: 5/5
  3284 | D:4      | Upgraded the game from 0.17-a0-1596-g1e86911 to 0.17-a0-1617-gfba1302
  3394 | D:4      | Reached skill level 8 in Axes
  3994 | D:4      | Reached skill level 9 in Axes
  4364 | D:5      | Entered Level 5 of the Dungeon
  4379 | D:5      | Reached XP level 7. HP: 44/57 MP: 6/6
  4650 | D:5      | Noticed Blork the orc
  4666 | D:5      | Killed Blork the orc
  5332 | D:5      | Reached skill level 10 in Axes
  5558 | D:6      | Noticed a hill giant
  5569 | D:6      | Killed a hill giant
  5569 | D:6      | Reached skill level 11 in Axes
  5569 | D:6      | Reached XP level 8. HP: 21/64 MP: 7/7
  5571 | D:6      | Reached skill level 12 in Axes
  6154 | D:6      | Noticed Pikel
  6157 | D:6      | Acquired Trog's third power
  6167 | D:6      | Killed Pikel
  6167 | D:6      | Reached skill level 13 in Axes
  6248 | D:6      | Reached XP level 9. HP: 25/70 MP: 8/8
  6543 | D:6      | Reached skill level 14 in Axes
  6913 | D:7      | Found Dontin's Assorted Antiques.
  6977 | D:7      | Found a staircase to the Ecumenical Temple.
  7207 | D:7      | Found Laweethrufe's Food Shoppe.
  7648 | D:7      | Found Wipigh's Weapon Emporium.
  7879 | D:8      | Reached skill level 15 in Axes
  8552 | D:8      | Found a sacrificial altar of Ru.
  8688 | D:8      | Noticed Prince Ribbit
  8709 | D:8      | Killed Prince Ribbit
  8790 | D:8      | Reached skill level 1 in Throwing
  9198 | D:9      | Found a runed door.
  9221 | D:9      | Reached skill level 16 in Axes
  9477 | D:9      | Reached XP level 10. HP: 77/77 MP: 9/9
  9665 | D:9      | Found Hehaorch's Antique Weapon Shop.
 10048 | D:10     | Entered Level 10 of the Dungeon
 10229 | D:10     | Reached skill level 17 in Axes
 10757 | D:11     | Noticed a hill giant
 10766 | D:11     | Slain by a hill giant

Vault maps used:
D:1:      minmay_arrival_four_circles, serial_forest,
          infiniplex_forest_lined_room_, infiniplex_forest_clump_long,
          infiniplex_forest_straight_3, infiniplex_forest_clump_small,
          infiniplex_forest_lined_1, infiniplex_forest_lined_corner,
          infiniplex_forest_end_1, feat_on_display
D:2:      first_bread, ecumenical_altar_1, kennysheep_generic_room_2
D:3:      grunt_ministairs_12, kennysheep_doodads, nemelex_deck
D:4:      serial_shops, shop
D:5:      uniq_blork_the_orc
D:6:      hangedman_decor_slide_cut, hangedman_decor_growths, uniq_pikel
D:7:      minmay_temple_entry_statues_fountains, serial_shops,
          nicolae_shop_competitors_out_of_business, nicolae_shop_waterfront,
          shop, grunt_livestock
D:8:      nicolae_ru_the_path_less_chosen, uniq_prince_ribbit1
D:9:      serial_shops, shop, minmay_misc_feat_secret_circle, minmay_st_funbox
D:11:     erik_lair_island, uniq_erolcha

Action                   |  1- 3 |  4- 6 |  7- 9 | 10-12 || total
-------------------------+-------+-------+-------+-------++-------
Melee: Hand axe          |    82 |   149 |   315 |   130 ||   676
Throw: Javelin           |       |       |     5 |       ||     5
Invok: Berserk           |       |     1 |     4 |     2 ||     7
       Burn Spellbooks   |       |       |     1 |       ||     1
Evoke: Deck              |       |     1 |       |       ||     1
 Stab: Sleeping          |     1 |       |       |       ||     1
  Eat: Bread ration      |     1 |       |       |       ||     1
       Chunk             |       |     6 |    13 |     5 ||    24
       Fruit             |       |       |     2 |       ||     2
       Meat ration       |       |       |     1 |       ||     1
       Beef jerky        |       |       |       |     1 ||     1
